PAAA
ALASKAN HUMPBACKS @ BLOOMINGTON LONGNECKS
08/23/2042
 
TOP OF THE 1ST
Alaskan Humpbacks batting - Pitching for Bloomington Longnecks : RHP Cheung Wuying
Pitching: RHP Cheung Wuying
Batting: LHB Marc Hayman 0-0: SINGLE (Line Drive, 56D, EV 101.2 MPH)
Batting: LHB Roberto Baca 0-0: Swinging Strike
0-1: Ball
1-1: Ball
2-1: Called Strike
2-2: Fly out, F7 (Flyball, 7LS, EV 81.2 MPH)
Batting: LHB Teng Xuefeng 0-0: Called Strike
0-1: Ball
1-1: Called Strike
1-2: Fly out, F8 (Flyball, 78S, EV 83.1 MPH)
Batting: LHB Roberts Hamhock 0-0: Ball
1-0: Called Strike
Marc Hayman is caught stealing 2nd base 2-6
Top of the 1st over - 0 runs, 1 hit, 0 errors, 0 left on base; Alaskan 0 - Bloomington 0
BOTTOM OF THE 1ST
Bloomington Longnecks batting - Pitching for Alaskan Humpbacks : RHP Claudio Gonzáles
Pitching: RHP Claudio Gonzáles
Batting: SHB Jorge Rocha 0-0: Ground out U3 (Groundball, 34, EV 105.0 MPH)
Batting: LHB Vicente Gomillion 0-0: SOLO HOME RUN (Line Drive, 89XD, EV 111.2 MPH), Distance : 363 ft
Batting: LHB Craig Morgan 0-0: Ball
1-0: Foul Ball, location: 2F
1-1: Foul Ball, location: 2F
1-2: Foul Ball, location: 2F
1-2: Ball
2-2: Fly out, F9 (Line Drive, 89D, EV 103.8 MPH)
Batting: LHB Joey Terry 0-0: Ball
1-0: Fly out, F8 (Flyball, 8LM, EV 91.9 MPH)
Bottom of the 1st over - 1 run, 1 hit, 0 errors, 0 left on base; Alaskan 0 - Bloomington 1
TOP OF THE 2ND
Alaskan Humpbacks batting - Pitching for Bloomington Longnecks : RHP Cheung Wuying
Batting: LHB Roberts Hamhock 0-0: Called Strike
0-1: SOLO HOME RUN (Flyball, 9LD, EV 101.2 MPH), Distance : 340 ft
Batting: LHB Carlos Castro 0-0: Foul Ball, location: 2F
0-1: Called Strike
0-2: Ball
1-2: Ball
2-2: SINGLE (Flyball, 9S, EV 95.6 MPH)
Batting: LHB Pat Pending 0-0: Ball
1-0: Called Strike
1-1: Fielders Choice at 2nd, 6-4 (Groundball, 6, EV 93.1 MPH)
Batting: RHB Domingo Altamiraño 0-0: Called Strike
0-1: Ball
1-1: Foul Ball, location: 2F
1-2: Ground out 5-3 (Groundball, 56S, EV 70.0 MPH)
Pat Pending to second
Batting: RHB Bobby McFillin 0-0: Ball
Wild Pitch!
Pat Pending to third
1-0: Swinging Strike
1-1: DOUBLE (Flyball, 78XD, EV 110.6 MPH)
Pat Pending scores
Batting: RHB Kyuso Kouno 0-0: Foul Ball, location: 2F
0-1: Ground out 1-3 (Groundball, 34S, EV 85.0 MPH)
Top of the 2nd over - 2 runs, 3 hits, 0 errors, 1 left on base; Alaskan 2 - Bloomington 1
BOTTOM OF THE 2ND
Bloomington Longnecks batting - Pitching for Alaskan Humpbacks : RHP Claudio Gonzáles
Batting: RHB Ignacio Páez 0-0: Foul Ball, location: 2F
0-1: Ball
1-1: Ball
2-1: Ball
3-1: SINGLE (Groundball, 6MD, EV 101.9 MPH)
Batting: RHB Tuputahi Cani 0-0: Ball
1-0: Ball
2-0: Ball
3-0: Base on Balls
Ignacio Páez to second
Batting: RHB Júlio Rodríguez 0-0: Called Strike
0-1: Ball
1-1: Swinging Strike
1-2: SINGLE (Groundball, 34D, EV 107.5 MPH)
Ignacio Páez to third
Tuputahi Cani to second
Runner from 3rd tries for Home, SAFE, no throw by RF
Batting: RHB James Strickland 0-0: Foul Ball, location: 2F
0-1: Ball
1-1: Ball
2-1: Fly out, F8 (Line Drive, 78M, EV 92.5 MPH)
Batting: RHB Noah Bushby 0-0: Called Strike
0-1: Grounds into double play, 5-4-3 (Groundball, 5, EV 86.2 MPH)
Bottom of the 2nd over - 1 run, 2 hits, 0 errors, 1 left on base; Alaskan 2 - Bloomington 2
TOP OF THE 3RD
Alaskan Humpbacks batting - Pitching for Bloomington Longnecks : RHP Cheung Wuying
Batting: LHB Marc Hayman 0-0: Called Strike
0-1: SOLO HOME RUN (Flyball, 9LD, EV 99.4 MPH), Distance : 351 ft
Batting: LHB Roberto Baca 0-0: Ball
1-0: Ball
2-0: DOUBLE (Flyball, 8LXD, EV 94.4 MPH)
Batting: LHB Teng Xuefeng 0-0: SINGLE (Groundball, 4MD, EV 105.0 MPH)
Roberto Baca to third
Runner from 3rd tries for Home, SAFE, no throw by CF
Batting: LHB Roberts Hamhock 0-0: Ball
1-0: Ball
2-0: Foul Ball, location: 2F
2-1: Ball
3-1: Base on Balls
Teng Xuefeng to second
Batting: LHB Carlos Castro 0-0: Ball
1-0: Called Strike
1-1: Ball
2-1: Foul Ball, location: 2F
2-2: Foul Ball, location: 2F
2-2: Foul Ball, location: 2F
2-2: Grounds into double play, 5-4-3 (Groundball, 56S, EV 86.9 MPH)
Teng Xuefeng to third
Batting: LHB Pat Pending 0-0: Ball
1-0: Called Strike
1-1: Ball
2-1: Ground out U3 (Groundball, 3, EV 85.0 MPH)
Top of the 3rd over - 2 runs, 3 hits, 0 errors, 1 left on base; Alaskan 4 - Bloomington 2
BOTTOM OF THE 3RD
Bloomington Longnecks batting - Pitching for Alaskan Humpbacks : RHP Claudio Gonzáles
Batting: SHB Jorge Rocha 0-0: Foul Ball, location: 2F
0-1: Ball
1-1: Swinging Strike
1-2: Strikes out swinging
Batting: LHB Vicente Gomillion 0-0: Called Strike
0-1: Ball
1-1: Ball
2-1: Foul Ball, location: 2F
2-2: SOLO HOME RUN (Flyball, 9D, EV 95.6 MPH), Distance : 344 ft
Batting: LHB Craig Morgan 0-0: Called Strike
0-1: Ball
1-1: Ball
2-1: Ball
3-1: Foul Ball, location: 2F
3-2: Base on Balls
Batting: LHB Joey Terry 0-0: SINGLE (Line Drive, 6MD, EV 106.2 MPH)
Craig Morgan to second
Batting: RHB Ignacio Páez 0-0: Ball
1-0: Called Strike
Craig Morgan steals 3rd base
Joey Terry to second
1-1: Called Strike
1-2: Foul Ball, location: 2F
1-2: Strikes out swinging
Batting: RHB Tuputahi Cani 0-0: Ball
1-0: Called Strike
1-1: Called Strike
1-2: Foul Ball, location: 2F
1-2: DOUBLE (Line Drive, 89XD, EV 111.2 MPH)
Craig Morgan scores
Joey Terry scores
Batting: RHB Júlio Rodríguez 0-0: Foul Ball, location: 2F
0-1: Ball
Wild Pitch!
Tuputahi Cani to third
1-1: Ball
2-1: 2-RUN HOME RUN (Flyball, 78XD, EV 104.4 MPH), Distance : 415 ft
Pitching: RHP Ken Bates
Batting: RHB James Strickland 0-0: Foul Ball, location: 2F
0-1: Ball
1-1: Ball
2-1: Foul Ball, location: 2F
2-2: Strikes out looking
Bottom of the 3rd over - 5 runs, 4 hits, 0 errors, 0 left on base; Alaskan 4 - Bloomington 7
TOP OF THE 4TH
Alaskan Humpbacks batting - Pitching for Bloomington Longnecks : RHP Cheung Wuying
Batting: RHB Domingo Altamiraño 0-0: DOUBLE (Line Drive, 89D, EV 106.9 MPH)
Batting: RHB Bobby McFillin 0-0: Called Strike
0-1: Ball
1-1: Fly out, F9 (Flyball, 9S, EV 76.9 MPH)
Batting: RHB Kyuso Kouno 0-0: Ground out 6-3 (Groundball, 6, EV 110.0 MPH)
Batting: LHB Marc Hayman 0-0: Fly out, F8 (Flyball, 8RS, EV 97.5 MPH)
Top of the 4th over - 0 runs, 1 hit, 0 errors, 1 left on base; Alaskan 4 - Bloomington 7
BOTTOM OF THE 4TH
Bloomington Longnecks batting - Pitching for Alaskan Humpbacks : RHP Ken Bates
Batting: RHB Noah Bushby 0-0: Ball
1-0: Ball
2-0: Ball
3-0: Called Strike
3-1: Base on Balls
Batting: SHB Jorge Rocha 0-0: Ball
1-0: Ball
2-0: Ball
3-0: Called Strike
3-1: Foul Ball, location: 2F
3-2: Foul Ball, location: 2F
3-2: Base on Balls
Noah Bushby to second
Batting: LHB Vicente Gomillion 0-0: Called Strike
0-1: Called Strike
0-2: Ball
1-2: Grounds into double play, 4-6-3 (Groundball, 4, EV 84.4 MPH)
Noah Bushby to third
Batting: LHB Craig Morgan 0-0: Ball
1-0: Ball
2-0: Called Strike
2-1: Ball
3-1: Base on Balls
Pitching: RHP Kingston Liniak
Batting: LHB Joey Terry 0-0: Foul Ball, location: 2F
0-1: Foul Ball, location: 2F
0-2: Ball
1-2: Strikes out swinging
Bottom of the 4th over - 0 runs, 0 hits, 0 errors, 2 left on base; Alaskan 4 - Bloomington 7
TOP OF THE 5TH
Alaskan Humpbacks batting - Pitching for Bloomington Longnecks : RHP Cheung Wuying
Batting: LHB Roberto Baca 0-0: Called Strike
0-1: Ground out 4-3 (Groundball, 4M, EV 90.6 MPH)
Batting: LHB Teng Xuefeng 0-0: Ball
1-0: Foul Ball, location: 2F
1-1: Ground out 4-3 (Groundball, 34D, EV 86.2 MPH)
Batting: LHB Roberts Hamhock 0-0: SINGLE (Groundball, 6MD, EV 100.0 MPH)
Batting: LHB Carlos Castro 0-0: Ball
1-0: Ball
2-0: Ball
3-0: Base on Balls
Roberts Hamhock to second
Batting: LHB Pat Pending 0-0: Swinging Strike
0-1: Called Strike
0-2: Foul Ball, location: 2F
0-2: SINGLE (Line Drive, 9LS, EV 93.1 MPH)
Roberts Hamhock to third
Carlos Castro to second
Batting: RHB Domingo Altamiraño 0-0: Ball
1-0: Fielders Choice at 2nd, 5-4 (Groundball, 56, EV 79.4 MPH)
Top of the 5th over - 0 runs, 2 hits, 0 errors, 3 left on base; Alaskan 4 - Bloomington 7
BOTTOM OF THE 5TH
Bloomington Longnecks batting - Pitching for Alaskan Humpbacks : RHP Kingston Liniak
Batting: RHB Ignacio Páez 0-0: Foul Ball, location: 2F
0-1: Ball
1-1: Ball
2-1: Swinging Strike
2-2: Ground out 5-3 (Groundball, 6S, EV 86.2 MPH)
Batting: RHB Tuputahi Cani 0-0: Ball
1-0: Foul Ball, location: 2F
1-1: Ball
2-1: Foul Ball, location: 2F
2-2: Ground out 5-3 (Groundball, 56S, EV 83.8 MPH)
Batting: RHB Júlio Rodríguez 0-0: Foul Ball, location: 2F
0-1: SOLO HOME RUN (Flyball, 7LD, EV 98.1 MPH), Distance : 356 ft
Batting: RHB James Strickland 0-0: Called Strike
0-1: SINGLE (Groundball, 56D, EV 105.0 MPH)
Batting: RHB Noah Bushby 0-0: Ball
1-0: Called Strike
1-1: Foul Ball, location: 2F
1-2: Ball
2-2: SINGLE (Groundball, 6MD, EV 109.4 MPH)
James Strickland to second
Runner from 2nd tries for 3rd, SAFE, no throw by CF
Batting: SHB Jorge Rocha 0-0: Ball
1-0: SINGLE (Line Drive, 7S, EV 106.9 MPH)
James Strickland scores
Noah Bushby to second
Pitching: RHP Mau Delgado
Batting: LHB Vicente Gomillion 0-0: Swinging Strike
0-1: Swinging Strike
0-2: Ball
1-2: Ball
2-2: Ball
3-2: Foul Ball, location: 2F
3-2: Base on Balls
Noah Bushby to third
Jorge Rocha to second
Batting: LHB Craig Morgan 0-0: Ball
1-0: SINGLE (Groundball, 6M, EV 90.0 MPH) (infield hit)
Noah Bushby scores
Jorge Rocha to third
Vicente Gomillion to second
Pitching: LHP Yushua Wazir
Batting: LHB Joey Terry 0-0: Fielders Choice at 2nd, 5-4 (Groundball, 56, EV 80.0 MPH)
Bottom of the 5th over - 3 runs, 5 hits, 0 errors, 3 left on base; Alaskan 4 - Bloomington 10
TOP OF THE 6TH
Alaskan Humpbacks batting - Pitching for Bloomington Longnecks : RHP Cheung Wuying
Batting: RHB Bobby McFillin 0-0: Ball
1-0: Ball
2-0: Called Strike
2-1: Swinging Strike
2-2: Ball
3-2: Foul Ball, location: 2F
3-2: Foul Ball, location: 2F
3-2: Base on Balls
Batting: RHB Kyuso Kouno 0-0: Ball
1-0: Ball
2-0: Ball
3-0: Called Strike
3-1: SINGLE (Line Drive, 8RS, EV 110.6 MPH)
Bobby McFillin to second
Batting: LHB Marc Hayman 0-0: Called Strike
0-1: Fielders Choice at 2nd, 2-4 (Groundball, 2L, EV 70.6 MPH)
Bobby McFillin to third
Batting: LHB Roberto Baca 0-0: Ball
1-0: Ball
Marc Hayman steals 2nd base
2-0: Swinging Strike
2-1: Ball
3-1: Foul Ball, location: 2F
3-2: SINGLE (Line Drive, 4D, EV 94.4 MPH)
Bobby McFillin scores
Marc Hayman to third
Pitching: RHP Sang-hwa Kim
Batting: LHB Teng Xuefeng 0-0: Ball
Roberto Baca steals 2nd base
1-0: Swinging Strike
1-1: Ball
2-1: Foul Ball, location: 2F
2-2: Strikes out swinging
Batting: LHB Roberts Hamhock 0-0: Foul Ball, location: 2F
0-1: Foul Ball, location: 2F
0-2: Foul Ball, location: 2F
0-2: Ball
1-2: Ball
2-2: Foul Ball, location: 2F
2-2: Foul Ball, location: 2F
2-2: Ground out 6-3 (Groundball, 4MD, EV 108.1 MPH)
Top of the 6th over - 1 run, 2 hits, 0 errors, 2 left on base; Alaskan 5 - Bloomington 10
BOTTOM OF THE 6TH
Bloomington Longnecks batting - Pitching for Alaskan Humpbacks : LHP Yushua Wazir
Batting: RHB Ignacio Páez 0-0: Foul Ball, location: 2F
0-1: Swinging Strike
0-2: Ground out 1-3 (Groundball, P, EV 91.9 MPH)
Batting: RHB Tuputahi Cani 0-0: Called Strike
0-1: Ball
1-1: Ball
2-1: Called Strike
2-2: Ground out 5-3 (Groundball, 5, EV 89.4 MPH)
Batting: RHB Júlio Rodríguez 0-0: Foul Ball, location: 2F
0-1: Foul Ball, location: 2F
0-2: Strikes out looking
Bottom of the 6th over - 0 runs, 0 hits, 0 errors, 0 left on base; Alaskan 5 - Bloomington 10
TOP OF THE 7TH
Alaskan Humpbacks batting - Pitching for Bloomington Longnecks : RHP Sang-hwa Kim
Batting: LHB Carlos Castro 0-0: Ball
1-0: Called Strike
1-1: Foul Ball, location: 2F
1-2: Foul Ball, location: 2F
1-2: Strikes out looking
Batting: LHB Pat Pending 0-0: Fly out, F8 (Flyball, 8LD, EV 99.4 MPH)
Batting: RHB Domingo Altamiraño 0-0: Ball
1-0: Foul Ball, location: 2F
1-1: Swinging Strike
1-2: Ball
2-2: Fly out, F4 (Line Drive, 4, EV 68.1 MPH)
Top of the 7th over - 0 runs, 0 hits, 0 errors, 0 left on base; Alaskan 5 - Bloomington 10
BOTTOM OF THE 7TH
Bloomington Longnecks batting - Pitching for Alaskan Humpbacks : LHP Yushua Wazir
Batting: RHB James Strickland 0-0: Foul Ball, location: 2F
0-1: Ball
1-1: Ball
2-1: Foul Ball, location: 2F
2-2: Reached on error, E6 (Groundball, 6, EV 100.6 MPH)
Pitching: RHP King Kelly
Batting: RHB Noah Bushby 0-0: Ball
1-0: Ball
2-0: Called Strike
2-1: Ball
3-1: Called Strike
3-2: Foul Ball, location: 2F
3-2: Base on Balls
James Strickland to second
Batting: SHB Jorge Rocha 0-0: Ball
1-0: Called Strike
1-1: DOUBLE (Flyball, 8LXD, EV 94.4 MPH)
James Strickland scores
Noah Bushby to third
Batting: LHB Vicente Gomillion 0-0: Ball
1-0: Swinging Strike
1-1: Swinging Strike
1-2: Ball
2-2: Ball
3-2: Foul Ball, location: 2F
3-2: Foul Ball, location: 2F
3-2: Foul Ball, location: 2F
3-2: Foul Ball, location: 2F
3-2: Base on Balls
Batting: LHB Craig Morgan 0-0: Foul Ball, location: 2F
0-1: Ball
1-1: Called Strike
1-2: SINGLE (Groundball, 34S, EV 79.4 MPH) (infield hit)
Noah Bushby scores
Jorge Rocha to third
Vicente Gomillion to second
Pitching: LHP Ricardo Ruíz
Batting: LHB Joey Terry 0-0: Fly out, F4 (Popup, 23, EV 86.2 MPH)
Batting: RHB Ignacio Páez 0-0: Foul Ball, location: 2F
0-1: Called Strike
0-2: SINGLE (Line Drive, 9S, EV 100.6 MPH)
Jorge Rocha scores
Vicente Gomillion to third
Craig Morgan to second
Batting: RHB Tuputahi Cani 0-0: Swinging Strike
0-1: Ball
1-1: Ball
2-1: Ball
3-1: Fly out, F8 (Flyball, 8LD, EV 88.8 MPH)
Runner from 3rd tags up, SCORES, throw by CF
Pinch Hitting: RHB Charles Sheffield 0-0: Ball
1-0: Foul Ball, location: 2F
1-1: Foul Ball, location: 2F
1-2: Fly out, F9 (Flyball, 89D, EV 101.2 MPH)
Bottom of the 7th over - 4 runs, 3 hits, 1 error, 2 left on base; Alaskan 5 - Bloomington 14
TOP OF THE 8TH
Alaskan Humpbacks batting - Pitching for Bloomington Longnecks : RHP Sang-hwa Kim
Now at 2B: Charles Sheffield
Batting: RHB Bobby McFillin 0-0: Ball
1-0: Ball
2-0: Fly out, F3 (Popup, 3SF, EV 82.5 MPH)
Batting: RHB Kyuso Kouno 0-0: Ball
1-0: SINGLE (Groundball, 56D, EV 108.1 MPH)
Pinch Hitting: RHB Justin Forbes 0-0: Ball
1-0: Ball
2-0: Ball
3-0: Base on Balls
Kyuso Kouno to second
Batting: LHB Roberto Baca 0-0: Ball
1-0: Ball
2-0: Foul Ball, location: 2F
2-1: Called Strike
2-2: SINGLE (Flyball, 7S, EV 90.6 MPH)
Kyuso Kouno to third
Justin Forbes to second
Runner from 3rd tries for Home, SAFE, throw by LF to home
Batting: LHB Teng Xuefeng 0-0: Ball
1-0: Ground out 4-3 (Groundball, 4S, EV 88.8 MPH)
Justin Forbes to third
Roberto Baca to second
Batting: LHB Roberts Hamhock 0-0: Foul Ball, location: 2F
0-1: Swinging Strike
0-2: Ball
1-2: Ball
2-2: Ground out 1-3 (Groundball, P, EV 69.4 MPH)
Top of the 8th over - 1 run, 2 hits, 0 errors, 2 left on base; Alaskan 6 - Bloomington 14
BOTTOM OF THE 8TH
Bloomington Longnecks batting - Pitching for Alaskan Humpbacks : LHP Ricardo Ruíz
Now in RF: Justin Forbes
Batting: RHB James Strickland 0-0: SINGLE (Groundball, 4D, EV 101.9 MPH)
Pinch Hitting: RHB Cristián Bustillo 0-0: Ball
1-0: Ball
2-0: SINGLE (Groundball, 6D, EV 101.2 MPH)
James Strickland to second
Batting: SHB Jorge Rocha 0-0: Ball
1-0: Called Strike
1-1: Swinging Strike
1-2: Fly out, F7 (Line Drive, 7, EV 106.9 MPH)
Batting: LHB Vicente Gomillion 0-0: Ball
1-0: Ball
2-0: Ball
3-0: Base on Balls
James Strickland to third
Cristián Bustillo to second
Batting: LHB Craig Morgan 0-0: Called Strike
0-1: Ball
1-1: Called Strike
1-2: Ball
2-2: Ball
3-2: Base on Balls
James Strickland scores
Cristián Bustillo to third
Vicente Gomillion to second
Batting: LHB Joey Terry 0-0: SINGLE (Groundball, 4MD, EV 108.1 MPH)
Cristián Bustillo scores
Vicente Gomillion to third
Craig Morgan to second
Runner from 3rd tries for Home, SAFE, throw by CF to home
Pitching: RHP Yehonatan Chazan
Batting: RHB Ignacio Páez 0-0: Ball
1-0: Foul Ball, location: 2F
1-1: DOUBLE (Line Drive, 7LM, EV 106.9 MPH)
Craig Morgan scores
Joey Terry to third
Runner from 3rd tries for Home, SAFE, throw by LF to trailing runner, SAFE at third!
Batting: RHB Tuputahi Cani 0-0: Ball
1-0: Ball
2-0: Fly out, F7 (Flyball, 78M, EV 91.9 MPH)
Runner from 3rd tags up, OUT at HOME! 7-2
Bottom of the 8th over - 5 runs, 4 hits, 0 errors, 0 left on base; Alaskan 6 - Bloomington 19
TOP OF THE 9TH
Alaskan Humpbacks batting - Pitching for Bloomington Longnecks : RHP Sang-hwa Kim
Now at 1B: Gerald Johnston
Pinch Hitting: RHB Martin Fish 0-0: Ball
1-0: Swinging Strike
1-1: Ball
2-1: Swinging Strike
2-2: Strikes out swinging
Batting: LHB Pat Pending 0-0: Called Strike
0-1: Ground out 6-3 (Groundball, 4M, EV 80.6 MPH)
Batting: RHB Domingo Altamiraño 0-0: Called Strike
0-1: Foul Ball, location: 2F
0-2: Ball
1-2: Foul Ball, location: 2F
1-2: Foul Ball, location: 2F
1-2: Ball
2-2: SOLO HOME RUN (Flyball, 7D, EV 106.2 MPH), Distance : 366 ft
Pinch Hitting: RHB Scott Velthuizen 0-0: Ball
1-0: Ball
2-0: Called Strike
2-1: Called Strike
2-2: Foul Ball, location: 2F
2-2: Ball
3-2: Strikes out swinging
Top of the 9th over - 1 run, 1 hit, 0 errors, 0 left on base; Alaskan 7 - Bloomington 19
Friday, March 26th, 2021 - OOTP Baseball 20.8 Build 74